 Dungeon Crawl Stone Soup version 0.29.1-2-gbd0b4ee654 (webtiles) character file.

Game seed: 10263478278781921651

11443 ScalingBeliever the Fighter (level 11, -2/154 (160) HPs)
             Began as a Minotaur Berserker on Nov 25, 2022.
             Was an Elder of Trog.
             Slain by a hellwing (6 damage)
             ... on level 10 of the Dungeon.
             The game lasted 00:22:42 (10744 turns).

ScalingBeliever the Fighter (Minotaur Berserker)   Turns: 10744, Time: 00:22:43

HP:   -2/154 (160)  AC: 21    Str: 27    XL:     11   Next: 49%
MP:   10/10         EV:  9    Int:  4    God:    Trog [****..]
Gold: 202           SH:  5    Dex:  9    Spells: 10/10 levels left

rFire   . . .      SeeInvis .   B - +0 war axe
rCold   . . .      Faith    .   (no shield)
rNeg    . . .      Spirit   .   p - +0 plate armour
rPois   .          Reflect  +   (helmet restricted)
rElec   .          Harm     .   J - scarf {+Inv}
rCorr   .          Rampage  .   (no gloves)
Will    +....                   k - +1 pair of boots
Stlth   ..........              b - amulet of reflection
HPRegen 0.35/turn               g - +4 ring of protection
MPRegen 0.12/turn               D - ring of willpower

@: berserking, studying Fighting, lightly drained, very quick
A: horns 2, retaliatory headbutt
a: Renounce Religion, Evoke Invisibility, Berserk, Trog's Hand, Brothers in Arms


You were on level 10 of the Dungeon.
You worshipped Trog.
Trog was greatly pleased with you.
You visited 1 branch of the dungeon, and saw 10 of its levels.

You collected 826 gold pieces.
You spent 624 gold pieces at shops.

Inventory:

Hand Weapons
 B - a +0 war axe (weapon)
Armour
 k - a +1 pair of boots (worn)
 p - a +0 plate armour (worn)
 J - a scarf of invisibility (worn)
Jewellery
 b - an amulet of reflection (around neck)
 g - a +4 ring of protection (left hand)
 D - a ring of willpower (right hand)
Wands
 y - a wand of flame (24)
 z - a wand of polymorph (9)
 F - a wand of mindburst (15)
 G - a wand of digging (3)
Scrolls
 f - 6 scrolls of enchant weapon
 i - 3 scrolls of vulnerability
 j - a scroll of enchant armour
 m - 4 scrolls of fog
 n - a scroll of torment
 q - 5 scrolls of teleportation
 v - a scroll of amnesia
 w - 2 scrolls of magic mapping
 x - 3 scrolls of immolation
 A - a scroll of blinking
 I - a scroll of silence
Potions
 a - a potion of heal wounds
 c - 3 potions of brilliance
 d - 2 potions of curing
 e - 2 potions of attraction
 h - 2 potions of berserk rage
 l - a potion of might
 o - 4 potions of flight
 r - 2 potions of haste
 s - a potion of mutation {unknown}
 t - 2 potions of cancellation {unknown}
 u - 3 potions of lignification
 C - 7 potions of degeneration
 H - a potion of magic {unknown}


   Skills:
 * Level 13.6 Fighting
 * Level 11.9 Axes
 * Level 11.5 Armour
 + Level 6.8 Dodging
 + Level 5.2 Evocations


You had 10 spell levels left.
You didn't know any spells.
Your spell library was empty.

Dungeon Overview and Level Annotations

Branches:
Dungeon (10/15)            Temple (0/1) D:6            Lair (0/5) D:9
    Orc (0/2) D:9

Altars:
Dithmenos
Fedhas
Gozag
Hepliaklqana
Kikubaaqudgha
Nemelex Xobeh
Okawaru
Ru
Sif Muna
Uskayaw
Vehumet
Wu Jian
Xom
Yredelemnul
Zin
The Shining One

Shops:
D:6 *


Innate Abilities, Weirdness & Mutations

You have a pair of horns on your head.
You reflexively headbutt those who attack you in melee.


Message History

The ice devil is heavily wounded.
You closely miss the hellwing. You slash the chaos spawn!
Your skin stops crawling.
You feel less strong-willed.
The ice devil hits you but does no damage.
The chaos spawn closely misses you.
The hellwing hits you but does no damage. x2
You slash the ice devil! You headbutt the ice devil.
You feel the power of Trog in you as your rage grows.
You kill the ice devil!
Trog accepts your kill.
You hit the hellwing but do no damage. You slash the chaos spawn!
You kill the chaos spawn!
Trog accepts your kill.
The chaos spawn degenerates into a cloud of primal chaos!
The wight hits you with a +5 battleaxe.
* * * LOW HITPOINT WARNING * * *
You feel drained.
* * * LOW HITPOINT WARNING * * *
The wight hits you but does no damage. The hellwing hits you.
* * * LOW HITPOINT WARNING * * *
You block the hellwing's attack.
You closely miss the wight. You slash the wight!
You destroy the wight!
Trog accepts your kill.
You slash the hellwing! The wight hits you with a +5 battleaxe!
* * * LOW HITPOINT WARNING * * *
You feel drained.
* * * LOW HITPOINT WARNING * * *
The hellwing hits you but does no damage.
The hellwing completely misses you.
You feel your dexterity returning.
You hit the wight.
The wight is moderately damaged.
You barely miss the hellwing. You slash the wight!
You feel the power of Trog in you as your rage grows.
You destroy the wight!
Trog accepts your kill.
You closely miss the hellwing. The hellwing hits you.
You die...

###### # #..... #. #.##..
###.###### #.##.#
.....#...# #.##.#
#........######## #.....
#........)4#....###
####.#
......>..)@)......#
###...
#.#........#....#.#
#.....
#.##...###......####.§§§.
# #...# ##......##..§§§#
##### #..........§..#
#......#####.## #.#...##
#†## #......######.#.
.................


You could see a hellwing.

Vanquished Creatures
  A hydra (D:9)
  2 centaur warriors (D:10)
  2 two-headed ogres
  A deep elf pyromancer (D:10)
  A guardian serpent (shapeshifter) (D:10)
  A smoke demon (D:10)
  Maggie (D:8)
  An orange demon (D:10)
  An unseen horror (D:10)
  2 komodo dragons
  An ice devil (D:10)
  A hornet (D:10)
  A shadow (D:10)
  6 yaks (D:10)
  A ynoxinul (D:10)
  A chaos spawn (D:10)
  Menkaure (D:7)
  3 steam dragons
  An ice beast (D:7)
  A swamp drake (D:9)
  2 black bears
  9 orc warriors
  A sky beast (D:6)
  An ogre (D:6)
  4 centaurs
  2 phantoms
  2 kobold brigands
  2 bullfrogs (D:7)
  A necrophage (D:8)
  4 scorpions
  5 wights
  A killer bee (D:10)
  4 howler monkeys
  A gnoll bouda (D:7)
  A hound (D:7)
  2 quasits (D:10)
  4 orc priests
  3 jellies
  3 iguanas
  Ijyb (D:5)
  16 orc wizards
  5 gnolls
  5 adders
  A white imp (D:7)
  4 ufetubi
  3 dart slugs
  2 worms
  38 orcs
  7 ball pythons
  5 bats
  6 endoplasms
  A giant cockroach (D:1)
  7 goblins
  9 hobgoblins
  2 jackals (D:1)
  8 quokkas
  4 frilled lizards
  14 kobolds
  2 rats
222 creatures vanquished.

Vanquished Creatures (others)
  A kobold brigand (D:7)
  A wight (D:9)
  An orc wizard (D:9)
  4 demonic plants (D:10)
  3 fungi (D:1)
  11 plants (D:9)
  5 toadstools (D:1)
26 creatures vanquished.

Grand Total: 248 creatures vanquished

Notes
Turn   | Place    | Note
-------+----------+-------------------------------------------
     0 | D:1      | ScalingBeliever the Minotaur Berserker began the quest for
                  | the Orb.
     0 | D:1      | Reached XP level 1. HP: 19/19 MP: 0/0
   501 | D:1      | Reached XP level 2. HP: 27/27 MP: 1/1
   542 | D:1      | Reached skill level 4 in Fighting
   990 | D:1      | Found a faded altar of an unknown god.
  1196 | D:2      | Reached XP level 3. HP: 23/33 MP: 2/2
  1321 | D:2      | Found a radiant altar of Vehumet.
  1754 | D:2      | Found a sacrificial altar of Ru.
  2221 | D:3      | Reached ** piety under Trog
  2547 | D:3      | Reached XP level 4. HP: 41/41 MP: 3/3
  2843 | D:3      | Found an ornate altar of the Wu Jian Council.
  2952 | D:4      | Noticed a scorpion
  2958 | D:4      | Killed a scorpion
  2959 | D:4      | Reached skill level 5 in Fighting
  2959 | D:4      | Reached skill level 5 in Axes
  2959 | D:4      | Reached XP level 5. HP: 48/48 MP: 4/4
  3488 | D:4      | Noticed a black bear
  3496 | D:4      | Killed a black bear
  3497 | D:4      | Reached XP level 6. HP: 56/56 MP: 5/5
  3610 | D:5      | Entered Level 5 of the Dungeon
  3633 | D:5      | Reached skill level 5 in Armour
  3920 | D:5      | Found a shadowy altar of Dithmenos.
  3973 | D:5      | Found a radiant altar of Vehumet.
  3975 | D:5      | Found a basalt altar of Yredelemnul.
  3975 | D:5      | Found a sparkling altar of Nemelex Xobeh.
  4001 | D:5      | Found a glowing golden altar of the Shining One.
  4047 | D:5      | Reached skill level 6 in Fighting
  4338 | D:5      | Noticed Ijyb
  4345 | D:5      | Killed Ijyb
  4476 | D:6      | Noticed an orc warrior
  4480 | D:6      | Killed an orc warrior
  4481 | D:6      | Reached XP level 7. HP: 63/63 MP: 6/6
  4560 | D:6      | Noticed a steam dragon
  4573 | D:6      | Killed a steam dragon
  4687 | D:6      | Found an iron altar of Okawaru.
  4707 | D:6      | Reached skill level 1 in Evocations
  4745 | D:6      | Found a staircase to the Ecumenical Temple.
  4787 | D:6      | Found Hoevit's General Store.
  4952 | D:6      | You fall into a shaft and drop 3 floors!
  4952 | D:9      | Found a glowing silver altar of Zin.
  4952 | D:9      | Found an opulent altar of Gozag.
  5005 | D:9      | Reached skill level 7 in Fighting
  5016 | D:9      | Reached XP level 8. HP: 31/73 MP: 7/7
  5127 | D:9      | Noticed a four-headed hydra
  5138 | D:9      | Killed a nine-headed hydra
  5149 | D:9      | Reached skill level 8 in Fighting
  5355 | D:8      | Found a shimmering altar of Xom.
  5737 | D:7      | Noticed Menkaure
  5740 | D:7      | Reached XP level 9. HP: 42/82 MP: 8/8
  5742 | D:7      | Killed Menkaure
  5939 | D:8      | Reached *** piety under Trog
  6427 | D:7      | Noticed a two-headed ogre
  6449 | D:7      | Killed a two-headed ogre
  6450 | D:7      | Reached skill level 9 in Fighting
  6611 | D:6      | Reached skill level 5 in Dodging
  6934 | D:6      | Found a blossoming altar of Fedhas.
  7603 | D:6      | Bought a scroll of acquirement for 624 gold pieces
  7603 | D:6      | Acquired a manual of Fighting
  7666 | D:8      | Reached XP level 10. HP: 87/93 MP: 9/9
  7795 | D:8      | Identified the +2 robe of Emix Jist {Str+3 Dex+8}
  7870 | D:8      | Noticed Maggie
  7882 | D:8      | Killed Maggie
  7883 | D:8      | Reached skill level 10 in Fighting
  8075 | D:8      | Found a hazy altar of Hepliaklqana.
  8101 | D:9      | Found a shimmering blue altar of Sif Muna.
  8182 | D:9      | Reached skill level 10 in Axes
  8185 | D:9      | Reached **** piety under Trog
  8199 | D:9      | Noticed a two-headed ogre
  8216 | D:9      | Killed a two-headed ogre
  8365 | D:9      | Found a staircase to the Lair.
  8447 | D:9      | Reached skill level 11 in Fighting
  8447 | D:9      | Reached skill level 10 in Armour
  8815 | D:9      | Identified the +9 whip "Qacko" {freeze, Fly rPois rN+
                  | Dex+4}
  8896 | D:9      | Found an ancient bone altar of Kikubaaqudgha.
  8903 | D:9      | Found a hide-covered altar of Uskayaw.
  9051 | D:9      | Found a staircase to the Orcish Mines.
  9451 | D:10     | Entered Level 10 of the Dungeon
  9494 | D:10     | Paralysed by a hornet for 3 turns
  9856 | D:10     | Reached skill level 12 in Fighting
  9889 | D:10     | Noticed a centaur warrior
  9926 | D:10     | Killed a centaur warrior
  9927 | D:10     | Reached XP level 11. HP: 86/105 MP: 10/10
 10162 | D:10     | Noticed a deep elf pyromancer
 10379 | D:10     | Killed a deep elf pyromancer
 10527 | D:10     | Reached skill level 5 in Evocations
 10560 | D:10     | Reached skill level 13 in Fighting
 10719 | D:10     | Noticed a centaur warrior
 10735 | D:10     | Killed a centaur warrior
 10742 | D:10     | HP: 5/157 [wight/+5 battleaxe (8)]
 10744 | D:10     | Slain by a hellwing

Illustrated notes

Levels and vault maps discovered:
D:1:      mrwooster_arrival_statue_2, layout_loops_ring,
          dilly_ecumenical_altar_fadedgnrine, minmay_gold_behind_fungi
D:2:      layout_basic, basic_altar, minmay_hexomino_r4
D:3:      layout_loops_ring, nzn_wu_jian_council_hall, minmay_increasing_density
D:4:      layout_rooms
D:5:      layout_rooms, nicolae_dithmenos_the_darkroom,
          grunt_temple_overflow_open, uniq_ijyb
D:6:      layout_layer_cave, mainiacjoe_overflow_catwalk, lemuel_doored_altar,
          minmay_temple_entry_grid, serial_shops, nicolae_shop_behind_doors,
          st_stairs_8
D:7:      layout_basic, uniq_menkaure
D:8:      layout_gridville, lemuel_crystal_altar,
          nicolae_hepliaklqana_hippocampus, uniq_maggie
D:9:      minmay_spotlight, layout_basic, grunt_temple_overflow_gold_and_silver,
          lemuel_tele_altar, amethyst_overflow_temple_binary,
          david_lair_shrubbed, erik_orc_1
D:10:     layout_loops_corners, serial_demonic, serial_demonic_d,
          serial_demonic_f, serial_demonic_a, serial_demonic_g,
          minmay_pinched_square, uniq_fannar

Skill      XL: |  1  2  3  4  5  6  7  8  9 10 11 |
---------------+----------------------------------+-----
Fighting       | 4 5 6 7 8 9 12 13 | 13.6
Axes           | 4 5 6 7 8 9 11 | 11.9
Armour         | 3 4 5 6 7 9 10 11 | 11.5
Evocations     | 1 2 3 4 5 |  5.2
Dodging        | 3 4 5 6 |  6.8

Action                   |  1- 3 |  4- 6 |  7- 9 | 10-12 || total
-------------------------+-------+-------+-------+-------++-------
Melee: Hand axe          |   122 |    65 |   102 |       ||   289
       Headbutt          |    10 |    16 |    49 |    48 ||   123
       Punch             |     1 |     1 |     3 |     2 ||     7
       War axe           |       |       |   149 |   241 ||   390
Invok: Berserk           |       |     3 |     3 |     5 ||    11
       Trog's Hand       |       |       |     6 |     5 ||    11
  Use: Scroll            |       |    12 |     5 |     5 ||    22
       Potion            |       |       |       |     1 ||     1
Armor: Animal skin       |    11 |       |       |       ||    11
       Leather armour    |    17 |     6 |       |       ||    23
       Plate armour      |       |    23 |   165 |   213 ||   401
       Skin              |       |     1 |       |       ||     1
Dodge: Dodged            |    78 |    19 |    97 |   114 ||   308
Block: Other             |     2 |     9 |    68 |    63 ||   142
       Reflection        |       |     2 |     4 |     7 ||    13
